General information
- name: BNet
- type: Ladder 1vs1/FFA
- host: Battle.net
- saver: BEAR_AND
map: MeltingValley
- players: 2
- length: 75:53
- speed: Fast
- version: 1.27 W3XP
- replay type:

» download(268 KB)
Players
team 1 (loser)

»
JROK (
red | 58 APM | 4378 actions | 75:52)
5 Death Knight
3 Death Coil
2 Unholy Aura
4 Lich
2 Frost Nova
2 Dark Ritual
» actions
| Assign group hotkey | 106 | |
| Basic commands | 312 | |
| Build / train | 176 | |
| Enter build submenu | 28 | |
| Enter hero's abilities submenu | 9 | |
| Give item / drop item | 12 | |
| Remove unit from queue | 3 | |
| Right click | 1776 | |
| Select / deselect | 875 | |
| Select group hotkey | 713 | |
| Use ability | 367 | |
4378 total
» units
| Acolyte | 24 | |
| Ghoul | 3 | |
| Crypt Fiend | 7 | |
| Meatwagon | 16 | |
| Necromancer | 22 | |
| Obsidian Statue | 5 | |
| Goblin Shredder | 1 | |
| Abomination | 3 | |
| Banshee | 2 | |
83 total
» upgrades
| Creature Attack | 3 | |
| Creature Carapace | 3 | |
| Web | 1 | |
| Unholy Armor | 3 | |
| Exhume Corpses | 1 | |
| Burrow | 1 | |
| Necromancer Training | 2 | |
| Skeletal Longevity | 1 | |
| Skeletal Mastery | 1 | |
| Unholy Strength | 3 | |
| Destroyer Form | 1 | |
| Disease Cloud | 1 | |
| Banshee Training | 2 | |
| Cannibalize | 1 | |
| Freezing Breath | 1 | |
25 total
» buildings
| Altar of Darkness | 1 | |
| Ziggurat | 22 | |
| Crypt | 1 | |
| Graveyard | 1 | |
| Tomb of Relics | 1 | |
| Halls of the Dead | 1 | |
| Spirit Tower | 12 | |
| Sacrificial Pit | 1 | |
| Slaughterhouse | 1 | |
| Necropolis | 3 | |
| Nerubian Tower | 4 | |
| Temple of the Damned | 1 | |
| Black Citadel | 1 | |
| Boneyard | 2 | |
52 total
» build order
00:20 Altar of Darkness
00:27 Ziggurat
00:54 Crypt
01:40 Ziggurat
01:44 Graveyard
02:56 Tomb of Relics
03:24 Halls of the Dead
04:27 Ziggurat
06:57 Spirit Tower
07:03 Sacrificial Pit
09:15 Ziggurat
11:30 Slaughterhouse
12:31 Necropolis
12:35 Necropolis
12:47 Spirit Tower
12:48 Nerubian Tower
13:46 Ziggurat
13:47 Ziggurat
13:49 Ziggurat
13:50 Ziggurat
13:51 Ziggurat
14:53 Temple of the Damned
15:53 Nerubian Tower
15:54 Spirit Tower
15:55 Spirit Tower
15:57 Spirit Tower
18:07 Spirit Tower
18:18 Ziggurat
18:20 Ziggurat
20:27 Black Citadel
20:29 Spirit Tower
20:39 Spirit Tower
20:40 Spirit Tower
22:17 Necropolis
22:19 Ziggurat
22:19 Ziggurat
22:20 Ziggurat
22:21 Ziggurat
22:21 Ziggurat
22:53 Ziggurat
23:27 Nerubian Tower
24:00 Spirit Tower
24:02 Spirit Tower
24:45 Spirit Tower
24:49 Ziggurat
34:21 Nerubian Tower
51:41 Boneyard
59:18 Ziggurat
60:31 Ziggurat
60:33 Ziggurat
65:59 Boneyard
71:05 Ziggurat
» items
| Rod of Necromancy | 1 | |
| Boots of Speed | 1 | |
| Potion of Lesser Invulnerability | 4 | |
| Scroll of Protection | 2 | |
| Sacrificial Skull | 5 | |
| Potion of Healing | 8 | |
| Potion of Mana | 6 | |
| Scroll of Town Portal | 2 | |
| Scroll of Healing | 6 | |
| Orb of Corruption | 1 | |
36 total
team 2 (winner)
BEAR_AND (
orange | 125 APM | 9455 actions | 75:53)
6 Archmage
2 Summon Water Elemental
2 Brilliance Aura
2 Blizzard
5 Mountain King
3 Storm Bolt
2 Bash
5 Paladin
3 Holy Light
2 Divine Shield
» actions
| Assign group hotkey | 50 | |
| Basic commands | 71 | |
| Build / train | 200 | |
| Enter build submenu | 60 | |
| Enter hero's abilities submenu | 16 | |
| Give item / drop item | 8 | |
| Right click | 6074 | |
| Select / deselect | 1273 | |
| Select group hotkey | 1006 | |
| Use ability | 690 | |
9455 total
» units
| Peasant | 18 | |
| Priest | 1 | |
| Dragonhawk Rider | 6 | |
| Sorceress | 1 | |
26 total
» upgrades
| Masonry | 3 | |
| Magic Sentry | 1 | |
| Lumber Harvesting | 2 | |
| Animal War Training | 1 | |
| Swords | 3 | |
| Armor | 4 | |
| Priest Training | 1 | |
| Sorceress Training | 1 | |
| Cloud | 1 | |
17 total
» buildings
| Altar of Kings | 1 | |
| Farm | 6 | |
| Lumber Mill | 1 | |
| Arcane Vault | 2 | |
| Scout Tower | 111 | |
| Arcane Tower | 14 | |
| Guard Tower | 86 | |
| Keep | 5 | |
| Town Hall | 2 | |
| Arcane Sanctum | 1 | |
| Castle | 4 | |
| Gryphon Aviary | 1 | |
| Blacksmith | 1 | |
| Barracks | 1 | |
236 total
» build order
00:08 Altar of Kings
00:18 Farm
00:35 Lumber Mill
00:52 Farm
00:55 Farm
01:26 Arcane Vault
01:34 Scout Tower
01:35 Scout Tower
02:00 Arcane Tower
02:01 Arcane Tower
02:01 Arcane Tower
02:41 Guard Tower
02:42 Scout Tower
02:44 Scout Tower
03:12 Guard Tower
03:12 Guard Tower
03:12 Guard Tower
03:13 Scout Tower
03:14 Scout Tower
03:15 Scout Tower
03:15 Scout Tower
03:51 Guard Tower
04:07 Guard Tower
04:53 Keep
04:53 Keep
04:53 Keep
04:54 Guard Tower
04:55 Guard Tower
05:09 Town Hall
05:21 Scout Tower
05:22 Scout Tower
06:03 Guard Tower
06:03 Arcane Tower
06:04 Scout Tower
06:05 Scout Tower
06:13 Scout Tower
06:49 Guard Tower
06:49 Guard Tower
06:52 Arcane Tower
06:52 Guard Tower
06:56 Scout Tower
06:57 Scout Tower
07:01 Farm
07:02 Farm
07:10 Guard Tower
07:12 Guard Tower
08:08 Guard Tower
08:08 Guard Tower
08:09 Guard Tower
08:09 Guard Tower
08:09 Guard Tower
08:17 Arcane Sanctum
09:02 Castle
09:02 Castle
09:02 Castle
09:06 Scout Tower
09:07 Scout Tower
09:07 Scout Tower
09:08 Scout Tower
09:09 Scout Tower
09:09 Scout Tower
09:17 Scout Tower
09:18 Scout Tower
09:18 Scout Tower
09:19 Scout Tower
09:20 Scout Tower
09:21 Scout Tower
09:45 Guard Tower
09:48 Gryphon Aviary
10:15 Guard Tower
10:15 Guard Tower
10:16 Guard Tower
10:27 Arcane Vault
10:42 Guard Tower
10:42 Guard Tower
10:47 Guard Tower
11:07 Guard Tower
11:14 Blacksmith
12:18 Guard Tower
12:21 Scout Tower
12:22 Scout Tower
12:23 Scout Tower
12:23 Scout Tower
12:24 Scout Tower
12:48 Barracks
13:00 Arcane Tower
13:15 Farm
13:37 Guard Tower
13:39 Guard Tower
13:49 Guard Tower
13:49 Guard Tower
14:38 Scout Tower
14:42 Scout Tower
14:42 Scout Tower
15:12 Guard Tower
15:45 Guard Tower
16:15 Guard Tower
16:20 Guard Tower
16:25 Scout Tower
16:26 Scout Tower
16:26 Scout Tower
17:22 Guard Tower
17:46 Scout Tower
17:47 Scout Tower
17:48 Scout Tower
17:49 Scout Tower
17:51 Guard Tower
17:53 Scout Tower
17:54 Scout Tower
17:54 Scout Tower
17:55 Scout Tower
17:55 Scout Tower
18:52 Guard Tower
18:52 Guard Tower
18:53 Guard Tower
18:54 Guard Tower
19:53 Guard Tower
20:10 Scout Tower
20:10 Scout Tower
20:12 Scout Tower
20:13 Scout Tower
20:13 Scout Tower
20:36 Scout Tower
20:40 Arcane Tower
20:45 Guard Tower
21:26 Arcane Tower
21:30 Arcane Tower
21:47 Scout Tower
21:48 Scout Tower
21:50 Scout Tower
21:51 Scout Tower
21:51 Scout Tower
21:52 Scout Tower
21:53 Scout Tower
21:53 Scout Tower
21:54 Scout Tower
21:56 Arcane Tower
23:20 Arcane Tower
23:20 Guard Tower
23:24 Scout Tower
23:24 Scout Tower
23:24 Scout Tower
23:25 Scout Tower
23:26 Scout Tower
23:27 Scout Tower
23:28 Scout Tower
23:29 Scout Tower
23:51 Guard Tower
23:54 Scout Tower
23:55 Scout Tower
23:56 Scout Tower
23:56 Scout Tower
24:07 Guard Tower
24:08 Guard Tower
24:08 Guard Tower
24:12 Guard Tower
24:13 Guard Tower
24:38 Guard Tower
24:38 Guard Tower
24:48 Guard Tower
25:04 Guard Tower
25:48 Guard Tower
26:05 Guard Tower
26:06 Guard Tower
26:10 Town Hall
27:42 Guard Tower
27:43 Guard Tower
27:43 Guard Tower
31:10 Scout Tower
31:11 Scout Tower
31:11 Scout Tower
31:12 Scout Tower
31:13 Scout Tower
31:13 Scout Tower
31:14 Scout Tower
31:14 Scout Tower
31:53 Scout Tower
31:53 Scout Tower
31:54 Scout Tower
31:55 Scout Tower
31:55 Scout Tower
31:56 Scout Tower
32:15 Guard Tower
32:16 Arcane Tower
32:59 Guard Tower
32:59 Guard Tower
33:19 Guard Tower
33:19 Guard Tower
33:19 Guard Tower
33:40 Guard Tower
33:40 Guard Tower
33:59 Guard Tower
34:45 Guard Tower
34:47 Scout Tower
34:48 Scout Tower
37:38 Guard Tower
37:40 Scout Tower
37:41 Scout Tower
37:42 Scout Tower
37:42 Scout Tower
37:43 Scout Tower
39:29 Guard Tower
39:31 Scout Tower
39:31 Scout Tower
39:32 Scout Tower
39:33 Scout Tower
39:33 Scout Tower
39:34 Scout Tower
43:50 Guard Tower
49:08 Guard Tower
51:39 Scout Tower
51:39 Scout Tower
51:40 Scout Tower
51:40 Scout Tower
51:41 Scout Tower
51:41 Scout Tower
51:41 Scout Tower
51:42 Scout Tower
51:54 Scout Tower
52:40 Arcane Tower
52:40 Guard Tower
52:41 Guard Tower
52:41 Guard Tower
53:08 Guard Tower
56:56 Guard Tower
» items
| Scroll of Regeneration | 1 | |
| Lesser Clarity Potion | 1 | |
| Boots of Speed | 3 | |
| Staff of Teleportation | 4 | |
| Potion of Healing | 1 | |
| Tome of Retraining | 1 | |
| Staff of Sanctuary | 3 | |
14 total
Chat log
(00:14 / All) BEAR_AND: hi
(00:23 / All) JROK: hi
(00:25 / All) BEAR_AND: from?
(00:33 / All) JROK: canada
(00:34 / All) JROK: you?
(00:36 / All) BEAR_AND: me too
(00:38 / All) BEAR_AND: toronto
(00:44 / All) JROK: winnipeg
(00:57 / All) BEAR_AND: hmm
(01:00 / All) BEAR_AND: is winnipeg real?
(01:12 / All) JROK: in manitoba
(01:17 / All) BEAR_AND: yeah that's real?
(01:25 / All) JROK: yea
(01:27 / All) BEAR_AND: weird
(15:19 / All) BEAR_AND: d
(26:53 / All) BEAR_AND: ty
(37:09 / All) BEAR_AND: you died idiot
(37:17 / All) BEAR_AND: towers don't move
(37:19 / All) BEAR_AND: don't die to them
(40:42 / All) BEAR_AND: good!
(45:43 / All) BEAR_AND: ooooh 4 siege
(45:45 / All) BEAR_AND: now you're going to win
(47:14 / All) BEAR_AND: lmao
(55:43 / All) BEAR_AND: hjajajajaj
(56:12 / All) BEAR_AND: hahahhha
(56:15 / All) BEAR_AND: bad play
(57:17 / All) BEAR_AND: where is your army
(57:21 / All) BEAR_AND: did it all die to towers? noob
(61:30 / All) BEAR_AND: it's your bedtime
(68:18 / All) BEAR_AND: lol get out
(68:44 / All) BEAR_AND: bye
(72:55 / All) BEAR_AND: haha